 Dungeon Crawl Stone Soup version 0.24-a0-584-g9d6b971ae4 (webtiles) character file.

Game seed: 12925478585661480370, levelgen mode: deterministic

1150 Gynju the Poker (level 8, -2/62 HPs)
             Began as a Merfolk Abyssal Knight on Sept 2, 2019.
             Was a Priest of Lugonu.
             Killed from afar by an orc wizard (12 damage)
             ... with a puff of flame
             ... on level 6 of the Dungeon.
             The game lasted 00:11:54 (4689 turns).

Gynju the Poker (Merfolk Abyssal Knight)            Turns: 4689, Time: 00:11:55

Health: -2/62      AC:  9    Str: 15    XL:     8   Next: 38%
Magic:  11/11      EV: 10    Int: 11    God:    Lugonu [***...]
Gold:   296        SH:  4    Dex: 13    Spells: 7/7 levels left

rFire    . . .     SeeInvis .   q - +0 trident
rCold    + . .     Gourm    .   o - +0 buckler (curse)
rNeg     . . .     Faith    .   d - +2 scale mail {rC+}
rPois    .         Spirit   .   y - +1 hat
rElec    .         Reflect  .   (no cloak)
rCorr    .         Harm     .   (no gloves)
MR       .....                  (no boots)
Stlth    ..........             i - amulet of regeneration
HPRegen  0.60/turn              (no ring)
MPRegen  0.12/turn              (no ring)

@: heavily drained
A: change form in water, swift swim, stealthy swim
a: Depart the Abyss, Bend Space, Banish, Renounce Religion


You were on level 6 of the Dungeon.
You worshipped Lugonu.
Lugonu was most pleased with you.
You were not hungry.

You visited 1 branch of the dungeon, and saw 6 of its levels.
You visited the Abyss 1 time.

You collected 296 gold pieces.

Inventory:

Hand Weapons
 q - a +0 trident (weapon)
Missiles
 k - 16 sling bullets
 u - 112 stones (quivered)
Armour
 d - a +2 scale mail of cold resistance (worn)
 o - a cursed +0 buckler (worn)
 y - a +1 hat (worn)
Jewellery
 f - a +3 amulet of reflection
 i - an amulet of regeneration (around neck)
 r - an uncursed ring of fire
Wands
 z - a wand of random effects (19)
Scrolls
 a - a scroll of noise {unknown}
 h - 9 scrolls of remove curse {unknown}
 j - a scroll of enchant armour {unknown}
 m - 6 scrolls of teleportation {unknown}
 n - a scroll of random uselessness {unknown}
 p - 2 scrolls of identify {unknown}
 t - a scroll of blinking {unknown}
 v - a scroll of amnesia {unknown}
 A - a scroll of holy word {unknown}
 C - a scroll of magic mapping {unknown}
Potions
 b - a potion of heal wounds
 e - 2 potions of degeneration {unknown}
 g - a potion of lignification {unknown}
 l - a potion of invisibility {unknown}
 s - a potion of agility {unknown}
 w - 2 potions of haste {unknown}
 x - a potion of curing {unknown}
Comestibles
 c - 8 rations
 B - 3 chunks of flesh


   Skills:
 + Level 5.0(3.0) Fighting
 * Level 7.8(5.6) Polearms
 + Level 2.5(0.6) Armour
 + Level 5.2(3.2) Dodging
 - Level 4.0(2.0) Shields
 + Level 4.3(2.3) Invocations


You had 7 spell levels left.
You didn't know any spells.
Your spell library contained the following spells:

 Spells                   Type           Power        Failure   Level  Hunger
 Summon Small Mammal      Summ           #...         88%         1    ##.....


Dungeon Overview and Level Annotations

Branches:
Dungeon (6/15)             Temple (0/1) D:5

Altars:
Elyvilon
Hepliaklqana
Ru
Sif Muna
Uskayaw
Yredelemnul

Annotations:
D:4 2 transporters, Howlingfantods's ghost, amateur DEFE
D:5 Pikel


Message History

You hear some strange, mumbled words.
A magic dart appears from out of thin air!
The magic dart hits you but does no damage.
The orc priest casts a cantrip, but nothing happens.
The orc hits you but does no damage.
The orc priest calls upon Beogh to heal the orc priest.
The orc priest's wounds heal themselves!
The orc throws a boomerang.
The boomerang hits you but does no damage.
The weapon returns to the orc!
The orc priest invokes the aid of Beogh against you.
Beogh smites you!
* * * LOW HITPOINT WARNING * * *
The orc throws a boomerang.
You block the boomerang.
The weapon returns to the orc!
The orc throws a boomerang.
The weapon returns to the orc!
You hear some strange, mumbled words.
A puff of flame appears from out of thin air!
The puff of flame hits you!
You die...

#.. ###..### ....##
#....#.# ...#.###......
#....#.....# .
#.........## .. ..
#####..........# #.. ...
#..<##.........##...
....#........#..........
...#...@.....#..........
...............###.....#
...............##.......
........(J....####....##
..###...#o.....#....)...
. #...#oo#......รท.)...
...........##.....>..
...........####.......
....?..................


You could see a jelly, 2 orc priests and an orc.

Vanquished Creatures
  3 slaves (D:4)
  A phantom (D:4)
  2 ice beasts (D:5)
  A bullfrog (D:6)
  A scorpion (D:4)
  3 wights
  3 hounds
  2 orc priests (D:4)
  A bullfrog skeleton (D:4)
  4 orc wizards
  3 iguanas
  Ijyb (D:4)
  3 worker ants (D:4)
  9 adders
  A shadow imp (D:6)
  3 oozes
  A dart slug (D:1)
  A leopard gecko (D:4)
  15 orcs
  6 bats
  5 giant cockroaches
  6 goblins
  9 hobgoblins
  7 jackals (D:4)
  4 kobolds
  A quokka (D:3)
  2 ball pythons
  5 frilled lizards
  10 rats
113 creatures vanquished.

Vanquished Creatures (others)
  A quokka (D:5)
1 creature vanquished.

Grand Total: 114 creatures vanquished

Notes
Turn   | Place    | Note
-------+----------+-------------------------------------------
     0 | Abyss:1  | Gynju the Merfolk Abyssal Knight began the quest for the
                  | Orb.
     0 | Abyss:1  | Reached XP level 1. HP: 18/18 MP: 2/2
    36 | Abyss:2  | Noticed a lich
    37 | D:1      | Escaped the Abyss
   158 | D:1      | Reached XP level 2. HP: 23/24 MP: 3/3
   243 | D:1      | Reached * piety under Lugonu
   288 | D:1      | Reached skill level 1 in Armour
   532 | D:1      | Reached XP level 3. HP: 29/29 MP: 4/4
  1121 | D:2      | Reached skill level 4 in Polearms
  1186 | D:2      | Reached XP level 4. HP: 33/37 MP: 5/5
  1754 | D:3      | Reached ** piety under Lugonu
  1871 | D:3      | Found a shimmering blue altar of Sif Muna.
  1884 | D:3      | Reached skill level 1 in Shields
  1897 | D:3      | Reached XP level 5. HP: 38/42 MP: 7/7
  1926 | D:3      | Identified Sif Muna's Volume of the Escort
  2249 | D:3      | Reached skill level 5 in Polearms
  2341 | D:4      | Found a transporter.
  2342 | D:4      | Noticed Howlingfantods's ghost (amateur DEFE)
  2342 | D:4      | Noticed an ogre
  2353 | D:4      | Found a transporter.
  2406 | D:4      | Reached XP level 6. HP: 41/48 MP: 8/8
  2679 | D:4      | Found a hide-covered altar of Uskayaw.
  2726 | D:4      | Reached skill level 6 in Polearms
  2726 | D:4      | Reached XP level 7. HP: 37/55 MP: 9/9
  3120 | D:4      | Found a basalt altar of Yredelemnul.
  3146 | D:4      | Found a sacrificial altar of Ru.
  3340 | D:4      | Found a hazy altar of Hepliaklqana.
  3356 | D:5      | Entered Level 5 of the Dungeon
  3407 | D:5      | Noticed Pikel
  3644 | D:5      | Reached skill level 7 in Polearms
  3648 | D:5      | Found a staircase to the Ecumenical Temple.
  3670 | D:5      | Noticed Ijyb
  3716 | D:4      | Killed Ijyb
  3996 | D:5      | Found a white marble altar of Elyvilon.
  4273 | D:6      | Reached XP level 8. HP: 36/61 MP: 9/11
  4384 | D:5      | Reached skill level 5 in Dodging
  4579 | D:6      | Reached skill level 5 in Fighting
  4609 | D:6      | Reached *** piety under Lugonu
  4689 | D:6      | Killed from afar by an orc wizard

Levels and vault maps discovered:
D:1:      psy_arrival_fountain, layout_loops_ring
D:2:      layout_loops_ring, first_ration, st_stairs_6,
          minmay_misc_feat_ornament
D:3:      layout_basic, led_sif_book
D:4:      layout_basic, nicolae_overflow_quartered_altars, gammafunk_ghost_smash
D:5:      layout_gridville, elyvilon_altar_4, temple_statues, uniq_pikel,
          uniq_ijyb
D:6:      layout_cave_pools, gammafunk_ghost_nasty_kobolds, uniq_grinder

Skill      XL: |  1  2  3  4  5  6  7  8 |
---------------+-------------------------+-----
Armour         | 1 2 |  2.5
Dodging        | 3 4 5 |  5.2
Polearms       | 4 5 6 7 |  7.8
Shields        | 1 2 3 4 |  4.0
Invocations    | 3 4 |  4.3
Fighting       | 4 5 |  5.0

Action                   |  1- 3 |  4- 6 |  7- 9 || total
-------------------------+-------+-------+-------++-------
Melee: Spear             |   120 |    28 |       ||   148
       Trident           |       |   205 |   381 ||   586
Throw: Stone             |       |       |     2 ||     2
Invok: Depart the Abyss  |     1 |       |       ||     1
  Use: Potion            |       |       |     1 ||     1
  Eat: Chunk             |     1 |     5 |     4 ||    10
       Ration            |       |       |     1 ||     1
Armor: Scale mail        |    38 |    74 |   140 ||   252
Dodge: Dodged            |    42 |   105 |   198 ||   345
Block: Buckler           |       |    38 |    61 ||    99

Table legend:
 A = Non-vault XP
 B = Vault XP
 C = Vault XP percentage of total XP
 D = Non-vault monster count
 E = Vault monster count
 F = Vault count percentage of total count
                 A         B        C        D         E       F
            +---------+---------+-------+---------+---------+-------
      Total |    1543 |     100 |   6.1 |     106 |       4 |   3.6
            +---------+---------+-------+---------+---------+-------
        D:1 |      38 |       0 |   0.0 |      23 |       0 |   0.0
        D:2 |      48 |       1 |   2.0 |      10 |       1 |   9.1
        D:3 |     112 |      64 |  36.4 |      28 |       2 |   6.7
        D:4 |     642 |      35 |   5.2 |      26 |       1 |   3.7
        D:5 |     359 |       0 |   0.0 |       7 |       0 |   0.0
        D:6 |     344 |       0 |   0.0 |      12 |       0 |   0.0
            +---------+---------+-------+---------+---------+-------
